 Dungeon Crawl Stone Soup version 0.20-a0-850-ge5a7832 (webtiles) character file.

321 Alarkh the Slasher (level 6, 27/47 HPs)
             Began as a Demonspawn Fighter on Mar 10, 2017.
             Quit the game on level 3 of the Dungeon.
             The game lasted 00:02:45 (2665 turns).

Alarkh the Slasher (Demonspawn Fighter)             Turns: 2665, Time: 00:02:46

Health: 27/47      AC:  9    Str: 16    XL:     6   Next: 22%
Magic:  6/6        EV:  7    Int: 11    God:
Gold:   245        SH:  9    Dex: 13    Spells: 5/5 levels left

rFire    . . .     SeeInvis .   a - +0 long sword
rCold    . . .     Gourm    .   b - +0 scale mail
rNeg     . . .     Faith    .   c - +0 shield
rPois    +         Spirit   .   o - +1 hat
rElec    .         Reflect  .   e - +0 cloak
rCorr    .         Harm     .   (no gloves)
MR       .....                  (no boots)
Stlth    ..........             (no amulet)
Regen    0.2/turn               (no ring)
MPRegen  0.1/turn               j - ring of poison resistance

@: no status effects
A: talons 2, rot immunity
a: no special abilities


You were on level 3 of the Dungeon.
You were not hungry.

You visited 1 branch of the dungeon, and saw 3 of its levels.

You collected 245 gold pieces.

Inventory:

Hand Weapons
 a - a +0 long sword (weapon)
Armour
 b - a +0 scale mail (worn)
 c - a +0 shield (worn)
 e - a +0 cloak (worn)
 o - a +1 hat (worn)
Jewellery
 j - a ring of poison resistance (left hand)
Scrolls
 h - a scroll of blinking {unknown}
 i - 2 scrolls of teleportation {unknown}
 l - a scroll of amnesia {unknown}
 m - a scroll of identify {unknown}
 p - a scroll of remove curse {unknown}
 q - a scroll of immolation {unknown}
 s - a scroll of random uselessness {unknown}
Potions
 d - a potion of mutation {unknown}
 g - a potion of ambrosia {unknown}
 k - a potion of invisibility {unknown}
 n - a potion of cancellation
 t - a potion of curing
Comestibles
 f - 2 bread rations
 r - 7 chunks of flesh


   Skills:
 + Level 3.6 Fighting
 + Level 4.0 Long Blades
 + Level 3.9 Armour
 + Level 1.0 Dodging
 + Level 0.2 Stealth
 + Level 3.6 Shields


You had 5 spell levels left.
You didn't know any spells.

Dungeon Overview and Level Annotations

Branches:
Dungeon (3/15)

Altars:


Innate Abilities, Weirdness & Mutations

You have razor-sharp toenails.
You are immune to rotting.


Message History

You feel immune to rotting.
You hit the orc but do no damage. You claw the orc, but do no damage.
The orc hits you.
You completely miss the orc. You claw the orc.
The orc is lightly wounded.
The orc hits you but does no damage. The orc barely misses you.
You closely miss the orc. You claw the orc, but do no damage.
The orc is lightly wounded.
The orc barely misses you.
You riposte.
You closely miss the orc.
The orc is lightly wounded.
You hit the orc. Your kick misses the orc.
The orc is heavily wounded.
The orc hits you.
You hit the orc. You claw the orc.
The orc is almost dead.
The orc hits you but does no damage. x2
You slash the orc!
You kill the orc!
No target in view!
Are you sure you want to abandon this character and quit the game? (Confirm with "yes".)

#..# ##..# ..... ##...## #.#
..... #.# ... #.# #)# #.# #@# ...
#.# #.# #.# #.# ####### ##'## #.#
#.# #.....###...## #.#
#.###.....##.....## ### #.#
#.........#.......## ##.###.#
#####...)............####...##.#
....รท.)..............'..>......#
#####..<#.##.........####...#.##


There were no monsters in sight!

Vanquished Creatures
  Sigmund (D:3)
  Natasha (thrice) (D:2)
  An adder (D:2)
  2 oozes
  A worm (D:2)
  A dart slug (D:1)
  A leopard gecko (D:3)
  2 orcs (D:3)
  2 giant cockroaches (D:1)
  12 goblins
  9 hobgoblins
  4 jackals (D:1)
  A quokka (D:3)
  7 bats
  5 frilled lizards
  5 kobolds
  7 rats
64 creatures vanquished.

Notes
Turn   | Place    | Note
-------+----------+-------------------------------------------
     0 | D:1      | Alarkh the Demonspawn Fighter began the quest for the Orb.
     0 | D:1      | Reached XP level 1. HP: 18/18 MP: 1/1
   277 | D:1      | Gained mutation: You have sharp toenails. [demonic ancestry]
   277 | D:1      | Reached XP level 2. HP: 18/24 MP: 2/2
   476 | D:1      | Reached skill level 2 in Long Blades
   648 | D:1      | Gained mutation: You have razor-sharp toenails. [demonic ancestry]
   648 | D:1      | Reached XP level 3. HP: 22/29 MP: 3/3
  1253 | D:2      | Noticed Natasha
  1268 | D:2      | Killed Natasha
  1269 | D:2      | Reached XP level 4. HP: 6/35 MP: 4/4
  1325 | D:2      | Noticed Natasha
  1546 | D:2      | Killed Natasha
  1580 | D:2      | Noticed Natasha
  1801 | D:2      | Killed Natasha
  1956 | D:2      | Reached skill level 3 in Long Blades
  2073 | D:2      | Reached XP level 5. HP: 33/41 MP: 5/5
  2646 | D:3      | Noticed Sigmund
  2658 | D:3      | Killed Sigmund
  2658 | D:3      | Reached skill level 4 in Long Blades
  2658 | D:3      | Reached skill level 1 in Dodging
  2658 | D:3      | Gained mutation: You are immune to rotting. [demonic ancestry]
  2658 | D:3      | Reached XP level 6. HP: 30/47 MP: 6/6
  2665 | D:3      | Quit the game

Vault maps used:
D:1:      matt_arrival_refuge
D:2:      uniq_natasha
D:3:      lemuel_round_altar, first_bread, portal_sewer_entry_e, uniq_sigmund,
          uniq_iyjb, uniq_terence, uniq_crazy_yiuf_cottage, uniq_robin

Skill      XL: |  1  2  3  4  5 |
---------------+----------------+-----
Armour         | 3 |  3.9
Long Blades    | 2 3 4 |  4.0
Shields        | 3 |  3.6
Dodging        | 1 |  1.0
Fighting       | |  3.6
Stealth        | |  0.2

Action                   |  1- 3 |  4- 6 || total
-------------------------+-------+-------++-------
Melee: Long sword        |   104 |   108 ||   212
       Kick              |    25 |    30 ||    55
  Use: Potion            |     3 |     3 ||     6
  Eat: Chunk             |     1 |     5 ||     6
Armor: Scale mail        |    64 |    45 ||   109
Dodge: Dodged            |    36 |    26 ||    62
Block: Shield            |    56 |    49 ||   105
       Rpst.: Long sword |     9 |    12 ||    21
